Map: Catalyst LE

Players

Akelarre

  • Race: Protoss Protoss
  • Spawn Location: 11:00

AlaSReformed (AlaStOr) - Winner!

  • Race: Zerg Zerg
  • Spawn Location: 5:00

Event: WCS Valencia 2018

VOD

Have the link to the VOD?

Description

Time

  • Played on: July 12, 2018, 7:03 a.m.
  • Length: 4:01

All games in this series

Show
View Real Time Build Order
Export as new Build Order

Akelarre Protoss 

Build Orders:  

Get SALT Encoding   

  12  0:00  Probe  
  13  0:12  Probe  
  14  0:21  Pylon  
  14  0:25  Probe  
  15  0:39  Probe  
  15  0:40  Gateway  
  16  0:51  Probe  
  16  0:52  Assimilator  
  17  1:03  Gateway  
  17  1:07  Probe  
  18  1:23  Probe  
  19  1:32  Cybernetics Core  
  19  1:34  Zealot  
  19  1:39  Pylon  
  21  1:45  Zealot  
  23  2:02  Adept  
  23  2:03  Zealot  
  27  2:28  Adept  
  29  2:33  Nexus  
  29  2:39  Adept  
  25  3:22  Probe  
  22  3:28  Stargate  
  22  3:30  Gateway  
  22  3:34  Sentry, Zealot, Probe  
  25  3:37  Pylon  
  27  3:46  Probe  
  28  3:50  Cybernetics Core  
Show
View Real Time Build Order
Export as new Build Order

AlaSReformed Zerg - Winner!

Build Orders: Hatch First 

Get SALT Encoding   

  12  0:02  Drone  
  13  0:12  Overlord  
  13  0:17  Drone  
  14  0:31  Drone x2  
  14  0:35  Drone  
  17  0:53  Hatchery  
  17  0:56  Drone  
  17  0:58  Extractor  
  16  1:12  Spawning Pool  
  16  1:15  Drone  
  16  1:20  Drone  
  16  1:22  Drone  
  18  1:28  Drone  
  19  1:38  Overlord  
  19  1:59  Queen  
  19  2:01  Metabolic Boost  
  21  2:04  Queen  
  21  2:06  Zergling x2  
  24  2:09  Zergling x2  
  24  2:13  Drone  
  27  2:15  Drone  
  27  2:21  Drone  
  28  2:24  Drone  
  28  2:29  Zergling x2  
  30  2:32  Zergling x2  
  30  2:36  Queen  
  33  2:38  Zergling x2  
  33  2:43  Overlord  
  35  2:58  Zergling x4  
  35  3:01  Overlord  
  35  3:08  Zergling x6  
  38  3:15  Zergling x2  
  38  3:16  Zergling x8  
  42  3:20  Zergling x2  
  42  3:24  Zergling x2  
  44  3:31  Zergling x2  
  45  3:39  Zergling x2  
  47  3:51  Hatchery  
Tags
 
Add a new tag
Caveats
  • Supply blocks, unpowered buildings, or Contaminate may cause inaccurate times.
  • Supply counts are checked every 10 seconds.